 Dungeon Crawl Stone Soup version 0.28.0 (webtiles) character file.

Game seed: 15460984637823925640

677 reversiblehash the Protected (level 7, 0/64 HPs)
             Began as a Minotaur Fighter on Feb 18, 2022.
             Was an Initiate of Gozag.
             Slain by a killer bee (5 damage)
             ... on level 5 of the Dungeon.
             The game lasted 00:10:45 (4905 turns).

reversiblehash the Protected (Minotaur Fighter)     Turns: 4905, Time: 00:10:47

Health: 0/64       AC:  8    Str: 23    XL:     7   Next: 33%
Magic:  6/6        EV:  9    Int:  5    God:    Gozag
Gold:   378        SH:  4    Dex:  9    Spells: 6/6 levels left

rFire   . . .      SeeInvis .   t - +2 short sword (elec)
rCold   . . .      Faith    .   c - +0 buckler
rNeg    . . .      Spirit   .   b - +0 scale mail
rPois   .          Reflect  .   q - +0 hat
rElec   .          Harm     .   (no cloak)
rCorr   .          Rampage  .   (no gloves)
Will    .....                   (no boots)
Stlth   ..........              (no amulet)
HPRegen 0.20/turn               (no ring)
MPRegen 0.10/turn               (no ring)

@: mighty, lethally poisoned (0 -> -12)
A: horns 2, retaliatory headbutt
a: Renounce Religion, Potion Petition, Call Merchant, Bribe Branch


You were on level 5 of the Dungeon.
You worshipped Gozag.
Gozag was aware of your devotion.
You visited 1 branch of the dungeon, and saw 5 of its levels.

You collected 416 gold pieces.
You paid 38 gold pieces to Gozag.

Inventory:

Hand Weapons
 a - a +0 war axe
 t - a +2 short sword of electrocution (weapon)
 u - a +4 dagger
Missiles
 j - 5 curare-tipped darts (quivered)
 o - 16 poisoned darts
 x - 4 datura-tipped darts
Armour
 b - a +0 scale mail (worn)
 c - a +0 buckler (worn)
 q - a +0 hat (worn)
Jewellery
 r - a ring of see invisible
 s - a ring of protection from cold
Wands
 y - a wand of polymorph (7)
 A - a wand of iceblast (10)
Scrolls
 e - 5 scrolls of teleportation
 k - a scroll of magic mapping
 l - a scroll of silence
 n - 2 scrolls of amnesia {unknown}
 v - a scroll of torment {unknown}
 w - 2 scrolls of vulnerability {unknown}
Potions
 f - a potion of cancellation
 g - 2 potions of lignification {unknown}
 h - 3 potions of attraction
 i - 2 potions of flight
 m - 3 potions of curing {unknown}
 p - 2 potions of brilliance {unknown}
 z - a potion of degeneration {unknown}


   Skills:
 * Level 6.6 Fighting
 - Level 2.4 Axes
 * Level 8.1 Armour
 + Level 4.8 Shields


You had 6 spell levels left.
You didn't know any spells.
Your spell library contained the following spells:

 Spells                   Type           Power      Damage    Failure   Level
 Shock                    Conj/Air       0%         1d3       83%         1
 Sublimation of Blood     Necr           0%         N/A       93%         2
 Wereblood                Tmut           0%         N/A       93%         2
 Dazzling Flash           Conj/Hex       0%         N/A       99%         3
 Swiftness                Air            0%         N/A       99%         3
 Airstrike                Air            0%         N/A       100%        4
 Iskenderun's Mystic Bla  Conj/Tloc      0%         2d3       100%        4
 Starburst                Conj/Fire      0%         6d3       100%        6
 Summon Hydra             Summ           0%         N/A       100%        7


Dungeon Overview and Level Annotations

Branches:
Dungeon (5/15)             Temple (0/1) D:4

Altars:
Cheibriados
Dithmenos
Gozag
Makhleb
Sif Muna
Trog
Vehumet
Yredelemnul
Zin

Shops:
D:5 (


Innate Abilities, Weirdness & Mutations

You have a pair of horns on your head.
You reflexively headbutt those who attack you in melee.


Message History

You block the killer bee's attack. The killer bee stings you!
You are poisoned.
The killer bee poisons you!
You feel sick.
A killer bee comes into view.
You feel sick.
The killer bee buzzes angrily.
You feel sick.
The killer bee stings you but does no damage.
The killer bee stings you.
You feel sick. You block the killer bee's attack. x2
You feel sick. The killer bee stings you!
You are more poisoned.
The killer bee poisons you! The killer bee closely misses you.
You furiously retaliate!
You headbutt the killer bee.
You feel sick. The killer bee stings you. The killer bee closely misses you.
The killer bee barely misses you. x2
You feel sick.
The killer bee stings you but does no damage.
The killer bee barely misses you.
You feel sick. The killer bee stings you. The killer bee stings you!
You are more poisoned.
The killer bee poisons you! The killer bee barely misses you. x2
There is an open door, spattered with blood here.
You feel very sick.
The killer bee stings you but does no damage.
You feel very mighty all of a sudden.
You feel sick. The killer bee stings you!
* * * LOW HITPOINT WARNING * * *
You are more poisoned.
The killer bee poisons you!
The killer bee stings you but does no damage.
You puncture the killer bee! Your headbutt misses the killer bee.
The killer bee is severely wounded.
* * * LOW HITPOINT WARNING * * *
You feel very sick. The killer bee stings you.
You die...
Your body crumbles into a pile of gold.

##.......## ##.###.##
#.........####...##.##
+....h....+...(.......
#.........####..(#..##
##.......## ##.##.##
##..y..## #.##.###
##yyy## #....... ##y##
####.### #@# ##### #.#
#######.###...######.#
#........##..........#
#.####...##...########
.###.....##.##
....#...###.#
.##.........#
####..##### #..#


You could see 5 killer bees and a jackal.

Vanquished Creatures
  A steam dragon (D:4)
  A water moccasin (D:4)
  A necrophage (D:5)
  A bullfrog zombie (D:5)
  A jelly (D:4)
  A hound (D:3)
  An iguana (D:4)
  A scorpion zombie (D:5)
  Natasha (D:3)
  An orc wizard (D:4)
  A hound zombie (D:5)
  5 adders
  An ufetubus (D:5)
  A worm (D:4)
  5 dart slugs
  10 orcs
  8 ball pythons
  4 bats
  8 endoplasms
  4 giant cockroaches
  8 goblins
  7 hobgoblins
  5 quokkas
  2 frilled lizards
  9 kobolds
  2 rats
90 creatures vanquished.

Notes
Turn   | Place    | Note
-------+----------+-------------------------------------------
     0 | D:1      | reversiblehash the Minotaur Fighter began the quest for the
                  | Orb.
     0 | D:1      | Reached XP level 1. HP: 19/19 MP: 0/0
   131 | D:1      | Reached XP level 2. HP: 27/27 MP: 1/1
   255 | D:1      | Found a faded altar of an unknown god.
   263 | D:1      | Reached skill level 4 in Armour
  1068 | D:2      | Reached XP level 3. HP: 20/34 MP: 2/2
  2185 | D:3      | Found a burning altar of Makhleb.
  2185 | D:3      | Found a basalt altar of Yredelemnul.
  2190 | D:3      | Reached XP level 4. HP: 34/41 MP: 3/3
  2263 | D:3      | Found a faded altar of an unknown god.
  2265 | D:3      | Found a radiant altar of Vehumet.
  2267 | D:3      | Found a bloodstained altar of Trog.
  2427 | D:3      | Found a shimmering blue altar of Sif Muna.
  2713 | D:3      | Found a shadowy altar of Dithmenos.
  2716 | D:3      | Found an opulent altar of Gozag.
  2726 | D:3      | Found a snail-covered altar of Cheibriados.
  2732 | D:3      | Became a worshipper of Gozag Ym Sagoz the Greedy
  2846 | D:4      | Reached skill level 5 in Fighting
  2846 | D:4      | Reached skill level 5 in Armour
  2863 | D:4      | Noticed Natasha
  3116 | D:3      | Killed Natasha
  3117 | D:3      | Reached XP level 5. HP: 40/48 MP: 4/4
  3465 | D:4      | Noticed a steam dragon
  3484 | D:4      | Killed a steam dragon
  3485 | D:4      | Reached skill level 6 in Armour
  3485 | D:4      | Reached XP level 6. HP: 42/57 MP: 5/5
  3652 | D:4      | Noticed a water moccasin
  3662 | D:4      | Killed a water moccasin
  3663 | D:4      | Reached skill level 7 in Armour
  3992 | D:4      | Found a staircase to the Ecumenical Temple.
  4229 | D:4      | Found a glowing silver altar of Zin.
  4306 | D:5      | Entered Level 5 of the Dungeon
  4348 | D:5      | Found Jereagh's Weapon Emporium.
  4407 | D:5      | Reached XP level 7. HP: 55/64 MP: 6/6
  4668 | D:5      | Reached skill level 8 in Armour
  4905 | D:5      | Slain by a killer bee

Illustrated notes

Levels and vault maps discovered:
D:1:      ncdulo_smallfort, layout_basic, hellmonk_ecumenical_altar_lost_god
D:2:      layout_rooms, minmay_tall_x
D:3:      layout_loops_ring, grunt_temple_overflow_cloverleaf,
          chequers_temple_overflow_minitemple
D:4:      layout_rooms, mainiacjoe_overflow_alcove_4,
          minmay_temple_entry_butterflies, uniq_natasha
D:5:      layout_loops_corners, serial_shops, shop_coins,
          nicolae_shop_behind_doors

Skill      XL: |  1  2  3  4  5  6  7 |
---------------+----------------------+-----
Fighting       | 4 5 6 |  6.6
Armour         | 4 5 6 7 8 |  8.1
Shields        | 4 |  4.8
Axes           | |  2.4

Action                   |  1- 3 |  4- 6 |  7- 9 || total
-------------------------+-------+-------+-------++-------
Melee: War axe           |    86 |    37 |       ||   123
       Headbutt          |     8 |    18 |     8 ||    34
       Short sword       |       |    56 |    23 ||    79
  Use: Scroll            |     6 |       |       ||     6
       Potion            |       |       |     1 ||     1
Armor: Scale mail        |    39 |    33 |    16 ||    88
Dodge: Dodged            |    48 |    36 |    16 ||   100
Block: Buckler           |    28 |    15 |     9 ||    52
